[ AOE2 MATCH · #488062972 ]
UnrankedPortuguese vs Muisca
[ REPLAY ANALYSIS · EXTRACTED FROM THE RECORDED GAME ]
Feudal
9:34
Castle
21:51
Imperial
—
| APM avg | 55.1 |
| APM peak | 100 |
| eAPM avg | 29.7 |
| Villagers / military | 129 / 29 |
Focus
⚔️ 38.5% · 🌾 61.5%
Monk ×15 · Archer ×9 · Militia ×5
Feudal
11:45
Castle
—
Imperial
—
| APM avg | 11.2 |
| APM peak | 41 |
| eAPM avg | 7.4 |
| Villagers / military | 26 / 0 |
Focus
⚔️ 39.3% · 🌾 60.7%
Feudal
9:13
Castle
21:59
Imperial
—
| APM avg | 60.2 |
| APM peak | 91 |
| eAPM avg | 21.0 |
| Villagers / military | 39 / 63 |
Focus
⚔️ 30.0% · 🌾 70.0%
Archer ×55 · Mangonel ×8
Feudal
11:53
Castle
17:04
Imperial
—
| APM avg | 50.0 |
| APM peak | 68 |
| eAPM avg | 26.7 |
| Villagers / military | 59 / 17 |
Focus
⚔️ 37.4% · 🌾 62.6%
Monk ×12 · Fishing Ship ×5 · Scorpion ×4 · Mangonel ×1
Match map
Initial resources + every placement click. Lines = walls · curves = elevation contours. ◆ gold · ⬟ stone · ● berries · ✦ relic · ◌ wall gap
Your base· ✓ Closed at 21:51 · 16t walls · no gate
Chiro My Hero's base· Open — opponent sealed themselves in
FMG | ELCOCHINOTE's base· ✓ Closed at 21:59 · 9t walls · no gate
CQ.SeMuR III el conquistador's base· ✓ Closed at 17:04 · 5t walls · 3 gate(s)
Smoothed initial terrain · ◌ = detected wall gap · hover for details
Inputs per minute
— FMG | GreatMaty - - Chiro My Hero
Build order — FMG | GreatMaty
First 150 of 301 actions detected
| 0:01 | Create | Villager (Male) |
| 0:01 | Create | Villager (Male) |
| 0:02 | Build | House |
| 0:03 | Build | House |
| 0:10 | Create | Villager (Male) |
| 0:10 | Create | Villager (Male) |
| 0:11 | Create | Villager (Male) |
| 1:15 | Build | Palisade Wall |
| 1:17 | Build | Palisade Wall |
| 1:18 | Build | Palisade Wall |
| 1:33 | Build | Palisade Wall |
| 1:35 | Create | Villager (Male) |
| 1:35 | Create | Villager (Male) |
| 2:11 | Create | Villager (Male) |
| 2:11 | Create | Villager (Male) |
| 2:24 | Build | Lumber Camp |
| 2:32 | Create | Villager (Male) |
| 2:33 | Create | Villager (Male) |
| 3:02 | Create | Villager (Male) |
| 3:02 | Create | Villager (Male) |
| 3:03 | Create | Villager (Male) |
| 3:25 | Create | Villager (Male) |
| 3:33 | Build | House |
| 3:57 | Build | House |
| 4:02 | Create | Villager (Male) |
| 4:03 | Create | Villager (Male) |
| 4:22 | Create | Villager (Male) |
| 4:22 | Create | Villager (Male) |
| 4:47 | Create | Villager (Male) |
| 5:01 | Create | Villager (Male) |
| 5:35 | Create | Villager (Male) |
| 5:57 | Build | Barracks |
| 6:05 | Create | Villager (Male) |
| 6:21 | Create | Villager (Male) |
| 6:22 | Research | Loom |
| 6:48 | Build | House |
| 7:24 | Research | Feudal Age |
| 7:25 | Research | Feudal Age |
| 7:36 | Build | Mining Camp |
| 8:19 | Create | Militia |
| 8:19 | Create | Militia |
| 8:19 | Create | Militia |
| 8:19 | Create | Militia |
| 9:09 | Create | Villager (Male) |
| 9:19 | Create | Militia |
| 9:34 | Age | Feudal Age |
| 9:36 | Build | Archery Range |
| 9:39 | Build | Mill |
| 9:52 | Research | Man-at-Arms (upgrade) |
| 9:52 | Research | Man-at-Arms (upgrade) |
| 9:54 | Create | Villager (Male) |
| 10:14 | Create | Archer |
| 10:25 | Build | Watch Tower |
| 10:30 | Create | Villager (Male) |
| 10:33 | Build | House |
| 10:47 | Create | Villager (Male) |
| 10:54 | Create | Archer |
| 10:55 | Create | Archer |
| 11:26 | Research | Arson |
| 11:30 | Create | Villager (Male) |
| 11:30 | Create | Villager (Male) |
| 11:32 | Create | Archer |
| 12:01 | Build | House |
| 12:09 | Create | Archer |
| 12:09 | Create | Villager (Male) |
| 12:20 | Build | House |
| 12:32 | Create | Archer |
| 12:41 | Create | Villager (Male) |
| 12:50 | Build | House |
| 12:53 | Create | Villager (Male) |
| 12:58 | Build | Farm |
| 12:59 | Build | Farm |
| 13:13 | Build | Lumber Camp |
| 13:14 | Create | Villager (Male) |
| 13:17 | Build | Farm |
| 13:18 | Build | Farm |
| 13:39 | Build | Blacksmith |
| 13:57 | Create | Villager (Male) |
| 14:01 | Create | Archer |
| 14:19 | Create | Villager (Male) |
| 14:26 | Research | Fletching |
| 14:26 | Research | Fletching |
| 14:30 | Build | Farm |
| 14:31 | Build | Farm |
| 14:42 | Create | Villager (Male) |
| 14:44 | Create | Archer |
| 14:57 | Create | Villager (Male) |
| 15:20 | Create | Villager (Male) |
| 15:21 | Create | Archer |
| 15:41 | Create | Villager (Male) |
| 15:43 | Build | House |
| 15:46 | Build | Farm |
| 15:47 | Build | Farm |
| 15:53 | Build | Lumber Camp |
| 16:15 | Create | Villager (Male) |
| 16:19 | Create | Villager (Male) |
| 16:24 | Build | Farm |
| 16:25 | Build | Farm |
| 16:27 | Build | House |
| 16:41 | Create | Villager (Male) |
| 16:43 | Build | Farm |
| 17:19 | Build | Farm |
| 17:38 | Build | Market |
| 17:42 | Build | Farm |
| 17:47 | Research | Wheelbarrow |
| 17:47 | Research | Wheelbarrow |
| 19:11 | Research | Castle Age |
| 19:18 | Build | Mining Camp |
| 19:57 | Research | Double-Bit Axe |
| 19:57 | Research | Double-Bit Axe |
| 19:58 | Research | Horse Collar |
| 19:58 | Research | Horse Collar |
| 20:38 | Build | House |
| 21:03 | Build | Palisade Wall |
| 21:10 | Build | Palisade Wall |
| 21:18 | Create | Villager (Male) |
| 21:51 | Age | Castle Age |
| 21:52 | Build | Town Center |
| 21:53 | Research | Bow Saw |
| 21:54 | Research | Bow Saw |
| 21:58 | Build | Town Center |
| 22:06 | Create | Villager (Male) |
| 22:19 | Build | Monastery |
| 22:23 | Build | Monastery |
| 22:25 | Create | Villager (Male) |
| 22:47 | Create | Villager (Male) |
| 22:56 | Build | Palisade Wall |
| 22:58 | Build | Palisade Wall |
| 23:04 | Create | Villager (Male) |
| 23:07 | Create | Monk |
| 23:08 | Create | Monk |
| 23:08 | Create | Monk |
| 23:28 | Research | Gold Mining |
| 23:29 | Research | Gold Mining |
| 23:30 | Create | Villager (Male) |
| 23:38 | Create | Villager (Male) |
| 23:40 | Build | Farm |
| 23:40 | Build | Farm |
| 23:42 | Create | Villager (Male) |
| 23:44 | Build | House |
| 23:50 | Create | Villager (Male) |
| 23:50 | Create | Villager (Male) |
| 23:53 | Create | Monk |
| 23:55 | Build | Lumber Camp |
| 24:06 | Create | Villager (Male) |
| 24:16 | Create | Villager (Male) |
| 24:17 | Build | Farm |
| 24:17 | Build | Farm |
| 24:17 | Build | Farm |
| 24:17 | Build | Farm |
Build order — Chiro My Hero
54 actions detected in the replay
| 0:00 | Create | Villager (Male) |
| 0:00 | Create | Villager (Male) |
| 0:02 | Build | House |
| 0:04 | Build | House |
| 0:09 | Create | Villager (Male) |
| 0:09 | Create | Villager (Male) |
| 0:59 | Build | Palisade Wall |
| 1:10 | Create | Villager (Male) |
| 1:52 | Create | Villager (Male) |
| 2:11 | Build | Settlement |
| 2:22 | Create | Villager (Male) |
| 2:42 | Build | Palisade Wall |
| 2:46 | Build | Palisade Wall |
| 2:48 | Build | Palisade Wall |
| 2:50 | Build | Palisade Wall |
| 2:53 | Build | Palisade Wall |
| 2:54 | Create | Villager (Male) |
| 3:14 | Create | Villager (Male) |
| 3:45 | Research | Loom |
| 3:53 | Create | Villager (Male) |
| 4:09 | Create | Villager (Male) |
| 4:23 | Create | Villager (Male) |
| 4:46 | Build | House |
| 4:50 | Create | Villager (Male) |
| 5:18 | Create | Villager (Male) |
| 5:27 | Create | Villager (Male) |
| 5:44 | Create | Villager (Male) |
| 6:05 | Create | Villager (Male) |
| 6:05 | Create | Villager (Male) |
| 6:29 | Build | Settlement |
| 6:40 | Create | Villager (Male) |
| 6:40 | Create | Villager (Male) |
| 6:45 | Create | Villager (Male) |
| 7:17 | Create | Villager (Male) |
| 7:18 | Create | Villager (Male) |
| 7:23 | Create | Villager (Male) |
| 8:59 | Build | House |
| 9:10 | Research | Feudal Age |
| 9:21 | Build | Farm |
| 9:23 | Build | Farm |
| 9:31 | Build | Farm |
| 10:07 | Create | Villager (Male) |
| 10:07 | Create | Villager (Male) |
| 11:30 | Build | Palisade Wall |
| 11:45 | Age | Feudal Age |
| 11:47 | Build | Market |
| 11:48 | Build | Blacksmith |
| 12:18 | Build | House |
| 12:23 | Build | Palisade Wall |
| 12:24 | Build | Palisade Wall |
| 12:25 | Build | Palisade Wall |
| 12:27 | Build | Palisade Wall |
| 12:34 | Build | House |
| 12:36 | Build | House |
Build order — FMG | ELCOCHINOTE
139 actions detected in the replay
| 0:00 | Create | Villager (Male) |
| 0:01 | Create | Villager (Male) |
| 0:02 | Build | House |
| 0:03 | Build | House |
| 0:10 | Create | Villager (Male) |
| 0:10 | Create | Villager (Male) |
| 0:10 | Create | Villager (Male) |
| 0:57 | Research | Loom |
| 1:06 | Build | Palisade Wall |
| 1:08 | Create | Villager (Male) |
| 1:09 | Create | Villager (Male) |
| 1:45 | Create | Villager (Male) |
| 1:46 | Create | Villager (Male) |
| 1:46 | Create | Villager (Male) |
| 2:20 | Build | Palisade Wall |
| 2:29 | Build | Lumber Camp |
| 2:30 | Create | Villager (Male) |
| 2:31 | Create | Villager (Male) |
| 2:31 | Create | Villager (Male) |
| 2:52 | Create | Villager (Male) |
| 2:53 | Create | Villager (Male) |
| 3:15 | Create | Villager (Male) |
| 3:30 | Build | House |
| 3:38 | Create | Villager (Male) |
| 3:38 | Create | Villager (Male) |
| 4:01 | Create | Villager (Male) |
| 4:01 | Create | Villager (Male) |
| 4:33 | Create | Villager (Male) |
| 4:45 | Create | Villager (Male) |
| 4:45 | Create | Villager (Male) |
| 4:46 | Create | Villager (Male) |
| 5:47 | Create | Villager (Male) |
| 5:50 | Create | Villager (Male) |
| 5:54 | Build | Mining Camp |
| 7:03 | Research | Feudal Age |
| 7:03 | Research | Feudal Age |
| 7:46 | Build | Barracks |
| 8:05 | Build | House |
| 8:45 | Create | Villager (Male) |
| 9:13 | Age | Feudal Age |
| 9:16 | Build | Archery Range |
| 9:24 | Research | Double-Bit Axe |
| 9:24 | Research | Double-Bit Axe |
| 9:34 | Create | Villager (Male) |
| 9:42 | Create | Archer |
| 9:42 | Create | Archer |
| 10:09 | Build | House |
| 10:11 | Create | Villager (Male) |
| 10:12 | Create | Villager (Male) |
| 10:12 | Create | Villager (Male) |
| 10:12 | Create | Villager (Male) |
| 10:12 | Create | Villager (Male) |
| 10:31 | Create | Archer |
| 11:10 | Create | Archer |
| 11:15 | Build | Archery Range |
| 12:42 | Create | Archer |
| 12:42 | Create | Archer |
| 12:42 | Create | Archer |
| 12:48 | Build | Blacksmith |
| 12:58 | Create | Archer |
| 12:58 | Create | Archer |
| 13:12 | Create | Villager (Male) |
| 13:12 | Create | Villager (Male) |
| 13:15 | Build | House |
| 13:15 | Build | House |
| 13:27 | Create | Archer |
| 13:28 | Create | Archer |
| 13:31 | Build | House |
| 13:33 | Research | Fletching |
| 14:24 | Create | Archer |
| 14:24 | Create | Archer |
| 14:24 | Create | Archer |
| 14:43 | Build | House |
| 14:48 | Create | Archer |
| 14:48 | Create | Villager (Male) |
| 14:48 | Create | Villager (Male) |
| 14:54 | Build | Mill |
| 14:56 | Build | House |
| 15:33 | Create | Archer |
| 15:33 | Create | Archer |
| 15:54 | Build | Watch Tower |
| 15:59 | Create | Archer |
| 16:00 | Create | Archer |
| 16:03 | Build | Farm |
| 17:30 | Create | Archer |
| 17:30 | Create | Archer |
| 17:31 | Create | Archer |
| 17:53 | Create | Archer |
| 17:53 | Create | Archer |
| 18:37 | Create | Villager (Male) |
| 18:58 | Create | Villager (Male) |
| 19:19 | Research | Castle Age |
| 19:19 | Research | Castle Age |
| 20:20 | Build | Lumber Camp |
| 20:40 | Create | Archer |
| 20:40 | Create | Archer |
| 20:40 | Create | Archer |
| 20:41 | Create | Archer |
| 21:47 | Create | Archer |
| 21:47 | Create | Archer |
| 21:48 | Create | Archer |
| 21:59 | Age | Castle Age |
| 22:01 | Build | Siege Workshop |
| 22:09 | Research | Crossbowman (upgrade) |
| 22:26 | Create | Mangonel |
| 24:27 | Create | Mangonel |
| 24:28 | Create | Archer |
| 24:28 | Create | Archer |
| 24:29 | Create | Archer |
| 24:29 | Create | Archer |
| 24:29 | Create | Archer |
| 25:48 | Create | Mangonel |
| 26:08 | Create | Archer |
| 26:08 | Create | Archer |
| 26:08 | Create | Archer |
| 26:10 | Create | Archer |
| 26:10 | Create | Archer |
| 27:19 | Create | Archer |
| 27:19 | Create | Archer |
| 27:19 | Create | Archer |
| 27:21 | Create | Mangonel |
| 27:32 | Create | Archer |
| 27:33 | Create | Archer |
| 27:36 | Create | Mangonel |
| 28:02 | Research | Bodkin Arrow |
| 28:02 | Research | Bodkin Arrow |
| 28:03 | Research | Bodkin Arrow |
| 29:09 | Create | Archer |
| 29:10 | Create | Archer |
| 29:10 | Create | Archer |
| 29:10 | Create | Archer |
| 29:10 | Create | Archer |
| 29:10 | Create | Archer |
| 29:48 | Create | Mangonel |
| 29:49 | Create | Archer |
| 29:49 | Create | Archer |
| 29:49 | Create | Archer |
| 31:19 | Create | Mangonel |
| 31:19 | Create | Mangonel |
Build order — CQ.SeMuR III el conquistador
145 actions detected in the replay
| 0:01 | Create | Villager (Male) |
| 0:01 | Create | Villager (Male) |
| 0:01 | Create | Villager (Male) |
| 0:02 | Build | House |
| 0:03 | Build | House |
| 0:08 | Create | Villager (Male) |
| 0:09 | Create | Villager (Male) |
| 1:28 | Create | Villager (Male) |
| 1:28 | Create | Villager (Male) |
| 1:50 | Create | Villager (Male) |
| 1:50 | Create | Villager (Male) |
| 2:15 | Build | Lumber Camp |
| 2:23 | Create | Villager (Male) |
| 2:23 | Create | Villager (Male) |
| 2:52 | Create | Villager (Male) |
| 2:52 | Create | Villager (Male) |
| 3:16 | Create | Villager (Male) |
| 3:17 | Create | Villager (Male) |
| 3:41 | Create | Villager (Male) |
| 3:41 | Create | Villager (Male) |
| 3:44 | Create | Villager (Male) |
| 3:44 | Create | Villager (Male) |
| 4:01 | Build | House |
| 4:26 | Create | Villager (Male) |
| 4:40 | Build | Dock |
| 4:51 | Create | Villager (Male) |
| 4:51 | Create | Villager (Male) |
| 5:15 | Create | Villager (Male) |
| 5:16 | Create | Villager (Male) |
| 5:18 | Create | Fishing Ship |
| 6:03 | Create | Fishing Ship |
| 6:12 | Build | House |
| 6:15 | Research | Loom |
| 6:23 | Create | Villager (Male) |
| 6:32 | Create | Villager (Male) |
| 6:47 | Create | Fishing Ship |
| 6:54 | Build | House |
| 6:59 | Create | Villager (Male) |
| 7:11 | Create | Fishing Ship |
| 7:34 | Create | Villager (Male) |
| 8:15 | Create | Villager (Male) |
| 8:40 | Create | Fishing Ship |
| 8:41 | Build | Mill |
| 8:43 | Create | Villager (Male) |
| 8:47 | Build | House |
| 9:02 | Create | Villager (Male) |
| 9:33 | Build | Outpost |
| 9:43 | Research | Feudal Age |
| 9:43 | Research | Feudal Age |
| 10:15 | Build | Mining Camp |
| 10:56 | Build | House |
| 10:57 | Build | House |
| 11:00 | Build | Palisade Wall |
| 11:16 | Build | House |
| 11:18 | Build | House |
| 11:20 | Build | House |
| 11:32 | Build | House |
| 11:53 | Age | Feudal Age |
| 11:53 | Create | Villager (Male) |
| 11:59 | Build | Watch Tower |
| 12:14 | Build | Market |
| 12:34 | Create | Villager (Male) |
| 12:56 | Create | Villager (Male) |
| 13:10 | Build | Blacksmith |
| 13:12 | Create | Villager (Male) |
| 13:29 | Build | Gate |
| 13:33 | Build | Gate |
| 13:38 | Create | Villager (Male) |
| 13:52 | Create | Villager (Male) |
| 13:56 | Build | Stone Wall |
| 14:24 | Research | Castle Age |
| 14:24 | Research | Castle Age |
| 14:40 | Build | Palisade Wall |
| 14:42 | Build | Palisade Wall |
| 15:19 | Build | Fish Trap |
| 15:20 | Build | Fish Trap |
| 15:39 | Build | House |
| 15:41 | Build | Palisade Wall |
| 15:53 | Build | Palisade Gate |
| 17:03 | Build | Lumber Camp |
| 17:04 | Age | Castle Age |
| 17:07 | Build | Siege Workshop |
| 17:09 | Create | Villager (Male) |
| 17:36 | Create | Scorpion |
| 17:51 | Build | Palisade Wall |
| 17:52 | Build | Palisade Wall |
| 17:53 | Build | Palisade Wall |
| 17:55 | Create | Villager (Male) |
| 17:57 | Create | Villager (Male) |
| 18:12 | Create | Scorpion |
| 18:17 | Build | Market |
| 18:19 | Create | Villager (Male) |
| 18:50 | Create | Villager (Male) |
| 18:57 | Build | Market |
| 19:01 | Create | Villager (Male) |
| 19:25 | Create | Villager (Male) |
| 19:27 | Create | Villager (Male) |
| 19:27 | Create | Villager (Male) |
| 19:28 | Create | Villager (Male) |
| 19:28 | Create | Villager (Male) |
| 20:07 | Create | Villager (Male) |
| 20:21 | Create | Villager (Male) |
| 20:29 | Create | Villager (Male) |
| 20:40 | Build | Mining Camp |
| 20:49 | Build | Monastery |
| 21:23 | Build | Mining Camp |
| 21:31 | Create | Monk |
| 21:49 | Create | Scorpion |
| 22:43 | Research | Sanctity |
| 22:44 | Research | Redemption |
| 22:46 | Build | Market |
| 22:54 | Build | Monastery |
| 23:31 | Create | Monk |
| 23:34 | Build | House |
| 23:44 | Create | Scorpion |
| 24:00 | Build | Lumber Camp |
| 25:24 | Create | Monk |
| 25:54 | Build | Farm |
| 25:55 | Build | Farm |
| 25:58 | Build | Farm |
| 26:00 | Create | Monk |
| 26:00 | Create | Monk |
| 26:14 | Build | Lumber Camp |
| 26:58 | Create | Monk |
| 27:00 | Create | Villager (Male) |
| 27:00 | Create | Villager (Male) |
| 27:12 | Create | Monk |
| 27:19 | Research | Atonement |
| 27:34 | Build | House |
| 27:42 | Research | Fletching |
| 27:42 | Research | Fletching |
| 27:43 | Create | Villager (Male) |
| 27:43 | Create | Villager (Male) |
| 27:49 | Create | Mangonel |
| 28:14 | Build | House |
| 28:19 | Create | Villager (Male) |
| 28:19 | Create | Villager (Male) |
| 28:47 | Create | Monk |
| 29:10 | Build | Monastery |
| 30:04 | Create | Monk |
| 30:04 | Create | Monk |
| 30:14 | Create | Villager (Male) |
| 30:14 | Create | Villager (Male) |
| 31:26 | Create | Monk |
| 31:27 | Create | Monk |
Match timeline
| 0:59 | Chiro My Hero · wall_segment Palisade Wall x6 |
| 1:06 | FMG | ELCOCHINOTE · wall_segment Palisade Wall x9 |
| 1:15 | FMG | GreatMaty · wall_segment Palisade Wall x1 |
| 1:17 | FMG | GreatMaty · wall_segment Palisade Wall x1 |
| 1:18 | FMG | GreatMaty · wall_segment Palisade Wall x1 |
| 1:33 | FMG | GreatMaty · wall_segment Palisade Wall x6 |
| 2:20 | FMG | ELCOCHINOTE · wall_segment Palisade Wall x1 |
| 2:42 | Chiro My Hero · wall_segment Palisade Wall x1 |
| 2:46 | Chiro My Hero · wall_segment Palisade Wall x1 |
| 2:48 | Chiro My Hero · wall_segment Palisade Wall x4 |
| 2:50 | Chiro My Hero · wall_segment Palisade Wall x2 |
| 2:53 | Chiro My Hero · wall_segment Palisade Wall x3 |
| 4:40 | CQ.SeMuR III el conquistador · first_building Dock |
| 5:57 | FMG | GreatMaty · first_building Barracks |
| 7:46 | FMG | ELCOCHINOTE · first_building Barracks |
| 9:13 | FMG | ELCOCHINOTE · age_up feudal |
| 9:16 | FMG | ELCOCHINOTE · first_building Archery Range |
| 9:34 | FMG | GreatMaty · age_up feudal |
| 9:36 | FMG | GreatMaty · first_building Archery Range |
| 11:00 | CQ.SeMuR III el conquistador · wall_segment Palisade Wall x1 |
| 11:30 | Chiro My Hero · wall_segment Palisade Wall x11 |
| 11:45 | Chiro My Hero · age_up feudal |
| 11:53 | CQ.SeMuR III el conquistador · age_up feudal |
| 12:23 | Chiro My Hero · wall_segment Palisade Wall x1 |
| 12:24 | Chiro My Hero · wall_segment Palisade Wall x1 |
| 12:25 | Chiro My Hero · wall_segment Palisade Wall x1 |
| 12:27 | Chiro My Hero · wall_segment Palisade Wall x1 |
| 12:43 | Chiro My Hero · resign |
| 13:56 | CQ.SeMuR III el conquistador · wall_segment Stone Wall x1 |
| 14:17 | CQ.SeMuR III el conquistador · first_market_sell 100 food |
| 14:40 | CQ.SeMuR III el conquistador · wall_segment Palisade Wall x1 |
| 14:42 | CQ.SeMuR III el conquistador · wall_segment Palisade Wall x1 |
| 15:41 | CQ.SeMuR III el conquistador · wall_segment Palisade Wall x1 |
| 17:04 | CQ.SeMuR III el conquistador · age_up castle |
| 17:07 | CQ.SeMuR III el conquistador · first_building Siege Workshop |
| 17:51 | CQ.SeMuR III el conquistador · wall_segment Palisade Wall x1 |
| 17:52 | CQ.SeMuR III el conquistador · wall_segment Palisade Wall x1 |
| 17:53 | CQ.SeMuR III el conquistador · wall_segment Palisade Wall x1 |
| 18:58 | FMG | GreatMaty · first_market_buy 100 food |
| 20:49 | CQ.SeMuR III el conquistador · first_building Monastery |
| 21:03 | FMG | GreatMaty · wall_segment Palisade Wall x6 |
| 21:10 | FMG | GreatMaty · wall_segment Palisade Wall x1 |
| 21:51 | FMG | GreatMaty · age_up castle |
| 21:59 | FMG | ELCOCHINOTE · age_up castle |
| 22:01 | FMG | ELCOCHINOTE · first_building Siege Workshop |
| 22:19 | FMG | GreatMaty · first_building Monastery |
| 22:56 | FMG | GreatMaty · wall_segment Palisade Wall x4 |
| 22:58 | FMG | GreatMaty · wall_segment Palisade Wall x5 |
| 23:48 | FMG | GreatMaty · first_market_sell 100 food |
| 24:23 | FMG | GreatMaty · wall_segment Stone Wall x9 |
| 27:41 | CQ.SeMuR III el conquistador · first_market_buy 100 food |
| 29:37 | FMG | GreatMaty · first_building Stable |
[ AI ANALYSIS · 1 CREDIT ]
What really happened in this match?
Wolo.gg analyzes every decision: build order, eco, micro, common mistakes by bracket. Personalized analysis on WhatsApp or Discord in 30 seconds.
Civ guide
Portuguese
Perfil
Jugador #9082593